 Dungeon Crawl Stone Soup version 0.27-a0-594-g2aaa8dbbc2 (webtiles) character file.

Game seed: 11364495779231302271

34 Garpagan the Skirmisher (level 3, 0/34 HPs)
             Began as a Hill Orc Fighter on Mar 11, 2021.
             Slain by a gnoll
             ... wielding a +4 spear
              (2 damage)
             ... on level 2 of the Dungeon.
             The game lasted 00:03:57 (890 turns).

Garpagan the Skirmisher (Hill Orc Fighter)           Turns: 890, Time: 00:03:57

Health: 0/34       AC:  9    Str: 19    XL:     3   Next: 31%
Magic:  3/3        EV:  7    Int:  8    God:
Gold:   68         SH:  9    Dex: 10    Spells: 2/2 levels left

rFire    . . .     SeeInvis .   a - +0 war axe
rCold    . . .     Faith    .   c - +0 kite shield
rNeg     . . .     Spirit   .   b - +0 scale mail
rPois    .         Reflect  .   j - +1 helmet
rElec    .         Harm     .   (no cloak)
rCorr    .         Rampage  .   (no gloves)
Will     .....                  (no boots)
Stlth    ..........             (no amulet)
HPRegen  0.11/turn              (no ring)
MPRegen  0.08/turn              (no ring)

@: no status effects
A: no striking features
a: no special abilities


You were on level 2 of the Dungeon.
You visited 1 branch of the dungeon, and saw 2 of its levels.

You collected 68 gold pieces.

Inventory:

Hand Weapons
 a - a +0 war axe (weapon)
Armour
 b - a +0 scale mail (worn)
 c - a +0 kite shield (worn)
 j - a +1 helmet (worn)
Scrolls
 f - a scroll of fog {unknown}
 g - a scroll of magic mapping {unknown}
 k - a scroll of noise {unknown}
 l - a scroll of enchant weapon {unknown}
 n - a scroll of teleportation {unknown}
Potions
 d - 2 potions of might
 e - 2 potions of degeneration
 h - a potion of curing
 i - a potion of cancellation {unknown}
 m - a potion of flight {unknown}
 o - a potion of brilliance {unknown}


   Skills:
 + Level 4.3 Fighting
 + Level 3.0 Axes
 + Level 3.7 Armour
 + Level 0.2 Dodging
 + Level 3.5 Shields


You had 2 spell levels left.
You didn't know any spells.
Your spell library was empty.

Dungeon Overview and Level Annotations

Branches:
Dungeon (2/15)

Altars:


Message History

The gnoll hits you from afar with a +4 spear.
You block the gnoll's attack.
You hit the jackal.
You kill the jackal!
The gnoll hits you from afar with a +4 spear!
You block the gnoll's attack. You block the jackal's attack.
The gnoll hits you but does no damage.
You are too injured to fight recklessly!
You block the jackal's attack.
You are too injured to fight recklessly!
You closely miss the jackal. You block the jackal's attack. x2
You slash the jackal!
You kill the jackal!
You block the gnoll's attack. The gnoll hits you but does no damage.
The gnoll hits you from afar with a +0 spear.
* * * LOW HITPOINT WARNING * * *
There is an open door here.
Things that are here:
a +0 short sword; a kobold corpse The gnoll hits you with a +4 spear.
* * * LOW HITPOINT WARNING * * *
The gnoll hits you but does no damage.
You hit the gnoll.
The gnoll is moderately wounded.
You block the gnoll's attack.
The gnoll hits you from afar with a +0 spear.
* * * LOW HITPOINT WARNING * * *
You barely miss the gnoll.
The gnoll is moderately wounded.
You block the gnoll's attack. x2; The gnoll hits you but does no damage. x2
You barely miss the gnoll.
The gnoll is moderately wounded.
The gnoll hits you with a +4 spear.
* * * LOW HITPOINT WARNING * * *
The gnoll hits you but does no damage. You block the gnoll's attack.
The gnoll hits you but does no damage.
You hit the gnoll.
The gnoll is severely wounded.
The gnoll hits you with a +4 spear.
You die...

#.##### #..†..# #####.# #.#
##+## #.# ##...## ##.#
##.....## ##.†# ##.......##
##
########...####.........##...
............@gg.......†.')...
########...####.........##...
#........###.......## .#
#.####.#.# ##.....## # #.#
#.#.# ##...## #.####.#.#
##+## #)##...#.# #.##[###.# #
#.##.###.### .#


You could see 2 gnolls.

Vanquished Creatures
  A gnoll (D:2)
  A leopard gecko (D:1)
  A ball python (D:2)
  2 hobgoblins
  8 jackals
  2 bats
  2 frilled lizards (D:1)
  2 kobolds
  3 rats (D:1)
22 creatures vanquished.

Notes
Turn   | Place    | Note
-------+----------+-------------------------------------------
     0 | D:1      | Garpagan the Hill Orc Fighter began the quest for the Orb.
     0 | D:1      | Reached XP level 1. HP: 19/19 MP: 1/1
    49 | D:1      | Reached XP level 2. HP: 20/27 MP: 2/2
   735 | D:2      | Reached skill level 4 in Fighting
   869 | D:2      | Reached XP level 3. HP: 20/34 MP: 3/3
   890 | D:2      | Slain by a gnoll

Illustrated notes

Levels and vault maps discovered:
D:1:      saegor_arrival_simple_d, layout_basic, chequers_serial_rivers_small_3,
          lemuel_old_faithful
D:2:      layout_loops_corners

Skill      XL: |  1  2 |
---------------+-------+-----
Axes           | 3 |  3.0
Fighting       | 4 |  4.3
Armour         | |  3.7
Dodging        | |  0.2
Shields        | |  3.5

Action                   || total
-------------------------++-------
Melee: War axe           ||    67
  Use: Scroll            ||     2
Armor: Scale mail        ||    36
Dodge: Dodged            ||    37
Block: Kite shield       ||    41

Table legend: (Time is in decaauts)
 A = Elapsed time spent in this place.
 B = Non-inter-level travel time spent in this place.
 C = Inter-level travel time spent in this place.
 D = Time resting spent in this place.
 E = Time spent auto-exploring this place.
 F = Levels seen in this place.
 G = Mean time per level.
                   A        B        C        D        E       F      G
               +--------+--------+--------+--------+--------+-----+--------+
         Total |    936 |    888 |     48 |     78 |    590 |   2 |  468.0 |
       Dungeon |    936 |    888 |     48 |     78 |    590 |   2 |  468.0 |
               +--------+--------+--------+--------+--------+-----+--------+

Top non-repeatable levels by time:
     D:1: 757 daAuts
     D:2: 178 daAuts
